 Dungeon Sprint DCSS version 0.22-a0-608-g8a62e23 (webtiles) character file.

205944 TheOrbIsALie the Merfolkian Porcupine (level 17, -2/208 HPs)
             Began as a Merfolk Berserker on July 9, 2018.
             Was the Champion of Trog.
             Succumbed to poison (dark miasma)
             ... in the Dungeon (Sprint III: "The Ten Rune Challenge").
             The game lasted 00:43:09 (12365 turns).

TheOrbIsALie the Merfolkian Porcupine (MfBe)       Turns: 12365, Time: 00:43:09

Health: -2/208     AC: 25    Str: 21    XL:     17   Next: 77%
Magic:  13/13      EV: 32    Int:  6    God:    Trog [******]
Gold:   1512       SH:  0    Dex: 23    Spells: 16/16 levels left

rFire    + . .     SeeInvis +   B - +8 bardiche "Newtbane" {distort, *Drain +Inv rN+++ MR++}
rCold    . . .     Gourm    .   (shield currently unavailable)
rNeg     + + +     Faith    .   C - +1 pearl dragon scales of Freedom {rN+ Dex+3} (curse)
rPois    .         Spirit   .   x - +0 helmet "Rodiliata" {+Inv} (curse)
rElec    +         Reflect  .   (no cloak)
rCorr    .         Harm     .   A - +0 pair of gloves
MR       ++++.     NoTele   +   (no boots)
Stlth    ..........             (no amulet)
HPRegen  0.44/turn              I - ring "Effi" {Dex+4 Stlth+}
MPRegen  0.13/turn              N - ring "Esharr" {rElec rF+ SInv}

@: berserking, lethally poisoned (-2 -> -49), contaminated, slowed, glowing
A: change form in water, swift swim, stealthy swim, blurry vision 2, clumsy 2,
deterioration 1, frail 2, low mp 2, magic resistance 1, weak 1
0: Orb of Zot
}: 3/10 runes: serpentine, barnacled, silver
a: Berserk, Trog's Hand, Brothers in Arms, Renounce Religion, Evoke Invisibility


You were in the Dungeon.
You worshipped Trog.
Trog was exalted by your worship.
You were hungry.

You visited 1 branch You collected 3730 gold pieces.
You spent 2218 gold pieces at shops.

Inventory:

Hand Weapons
 d - a +2 glaive of flaming
 t - a +1 long sword of holy wrath
 u - a +1 antimagic glaive
 v - a +5 trident of freezing
 w - a +3 glaive of protection
 y - a +4 trident of distortion
 z - a +1 antimagic halberd
 B - the +8 bardiche "Newtbane" (weapon) {distort, *Drain +Inv rN+++ MR++}
   (Trog gifted it to you in the Dungeon)

   It warps and distorts space around it.
   Unwielding it can cause banishment or high damage.
   It renders you almost immune to negative energy.
   It affects your resistance to hostile enchantments.
   It lets you turn invisible.
   It causes draining when unequipped.
 D - a +3 antimagic bardiche
 E - the +12 glaive of Veloh {venom, rN+ Str+3 Int+3 Dex+2, unknown}
   (Trog gifted it to you in the Dungeon)

   It poisons the flesh of those it strikes.
   It affects your strength (+3).
   It affects your intelligence (+3).
   It affects your dexterity (+2).
   It protects you from negative energy.
 H - a +2 glaive of venom
 Q - a +4 antimagic halberd
 U - a +7 antimagic halberd
 V - a +3 vampiric halberd
Missiles
 r - 7 steel javelins (quivered)
Armour
 a - a +1 hat
 b - a +0 animal skin
 x - the cursed +0 helmet "Rodiliata" (worn) {+Inv}
   (You bought it in a shop in the Dungeon)

   It lets you turn invisible.
   It has a curse placed upon it.
 A - a +0 pair of gloves (worn)
 C - the cursed +1 pearl dragon scales of Freedom (worn) {rN+ Dex+3}
   (You bought it in a shop in the Dungeon)

   It affects your dexterity (+3).
   It protects you from negative energy.
   It has a curse placed upon it.
Jewellery
 I - the ring "Effi" (left hand) {Dex+4 Stlth+}
   (You took it off a deep elf high priest in the Dungeon)

   [ring of stealth]

   It affects your dexterity (+4).
   It makes you more stealthy.
 N - the ring "Esharr" (right hand) {rElec rF+ SInv}
   (You found it in the Dungeon)

   [ring of protection from fire]

   It protects you from fire.
   It insulates you from electricity.
   It lets you see invisible.
 O - an uncursed ring of protection from cold {unknown}
 W - an uncursed ring of fire {unknown}
 Z - the ring "Havalar" {rC- Str+5 Int-4 Dex+7 Stlth+, unknown}
   (You found it in the Dungeon)

   [ring of strength]

   It affects your strength (+5).
   It affects your intelligence (-4).
   It affects your dexterity (+7).
   It makes you vulnerable to cold.
   It makes you more stealthy.
Wands
 K - a wand of enslavement (13)
 L - a wand of digging (15)
 R - a wand of paralysis (11)
 Y - a wand of iceblast (9)
Scrolls
 i - a scroll of blinking
 j - a scroll of enchant armour {unknown}
 m - a scroll of torment {unknown}
 n - 4 scrolls of identify
 o - 2 scrolls of remove curse
 q - 2 scrolls of immolation {unknown}
 J - a scroll of silence {unknown}
 T - a scroll of random uselessness {unknown}
 X - a scroll of acquirement
Potions
 f - a potion of haste
 g - 2 potions of magic
 h - a potion of berserk rage
 k - 2 potions of lignification {unknown}
 l - 4 potions of mutation
 p - 2 potions of flight
 s - 2 potions of might
 F - 3 potions of curing
 G - 2 potions of degeneration {unknown}
 S - a potion of brilliance {unknown}
Comestibles
 c - 14 rations


   Skills:
 O Level 27 Fighting
 O Level 27 Polearms
 + Level 22.4 Armour
 O Level 27 Dodging
 O Level 27 Stealth


You had 16 spell levels left.
You didn't know any spells.
Your spell library was empty.

Dungeon Overview and Level Annotations

Branches:
Dungeon (1/1)

Altars:
Cheibriados
Dithmenos
Elyvilon
Fedhas
Gozag
Hepliaklqana
Kikubaaqudgha
Makhleb
Nemelex Xobeh
Okawaru
Qazlal
Ru
Sif Muna
Trog
Uskayaw
Vehumet
Wu Jian
Xom
Yredelemnul
Zin
The Shining One
Beogh
Jiyva
Lugonu

Shops:
D ?[=[=?[[%%%[[%*?(:[?}=(!

Annotations:
D Mara, Tiamat


Innate Abilities, Weirdness & Mutations

You revert to your normal form in water.
You are very nimble and swift while swimming.
You are very stealthy in the water. (Stealth+)
Scrolls take you longer to read.
You are very clumsy. (Dex -4)
Your body sometimes deteriorates upon taking damage.
You are very frail. (-20% HP)
Your magical capacity is very low. (-20% MP)
You are resistant to hostile enchantments. (MR+)
You are weak. (Str -2)


Message History

* * * LOW HITPOINT WARNING * * *
You feel very sick. The white imp gestures at you.
The puff of frost misses you.
The fire giant points at you and mumbles some strange words.
The fireball explodes!
The fireball engulfs the orb of fire.
The orb of fire completely resists.
The fireball engulfs you! You resist.
* * * LOW HITPOINT WARNING * * *
The fireball engulfs the fire giant.
The fire giant resists.
Unknown command.
You miss the orb of fire.
* * * LOW HITPOINT WARNING * * *
You feel very sick.
The fire giant shouts!
The white imp completely misses you.
You slice the white imp!!
You feel the power of Trog in you as your rage grows.
You kill the white imp!
Trog accepts your kill.
You die...

♣♣♣♣♣♣♣♣♣♣♣♣♣ #.).'§§≈§§# #
..##≈≈≈≈≈≈..# #.(.#.§≈≈§# #
##(#≈≈≈≈≈...# #...#[#≈≈≈# #
#)##'≈≈≈≈≈####+#####.# ≈≈≈# #
#...#≈≈.....§§§#.....# ≈≈≈≈ #
##..#≈..'#######...).# ≈≈≈ #
#####...#(())..#.C)..# §≈ #
##......#♣♣♣._.#)*...# ≈ #
##'#############@#####.. ###
▓#..)........###.§§§§§§§ ##.#
▓#............##.#############..'
▓###########..##.#[..........'..#
▓##.........).##.#.......########
▓#...........###.#.....###.∩⌠⌠∩.#
▓#..########## #.#...###.#.∩⌠⌠∩.#
▓#...........###.#)###...#.∩∩∩∩.#
▓##........[..##.#'#.....#.∩∩∩∩.#


You could see an orb of fire and a fire giant.

Vanquished Creatures
  Mennas (D)
  A Killer Klown (D)
  2 golden dragons (D)
  Geryon (D)
  Nikola (D)
  2 bone dragons (D)
  A lich (D)
  2 Orb Guardians (D)
  Rupert (D)
  2 titans (D)
  A kraken (D)
  Gastronok (D)
  A deep elf master archer (D)
  An Executioner (D)
  Harold (D)
  Roxanne (D)
  A storm dragon (D)
  A shadow dragon (D)
  A nagaraja (D)
  2 draconian stormcallers (D)
  A draconian shifter (D)
  3 stone giants (D)
  A deep elf demonologist (D)
  3 vampire knights (D)
  Nessos (D)
  2 dire elephants (D)
  2 deep elf annihilators (D)
  A yellow draconian (D)
  A mummy priest (D)
  A fire dragon (D)
  An ogre mage (D)
  2 yaktaur captains (D)
  A deep elf high priest (D)
  2 hell beasts (D)
  2 hydras (D)
  Erolcha (D)
  A naga warrior (D)
  15 vault guards (D)
  A centaur warrior (D)
  An alligator snapping turtle (D)
  5 anacondas (D)
  4 death yaks (D)
  4 dancing weapons (D)
  2 orc high priests (D)
  Urug (D)
  2 soul eaters (D)
  2 sun demons (D)
  2 deep elf knights (D)
  A sixfirhy (D)
  A shadow wraith (D)
  4 skeletal warriors (D)
  A spriggan druid (D)
  A death drake (D)
  3 spectral iron dragons (D)
  2 obsidian statues (D)
  A lindwurm (D)
  An orc knight (D)
  Joseph (D)
  4 crystal guardians (D)
  2 oklob plants (D)
  9 ugly things (D)
  5 deep elf magi (D)
  A moth of wrath (D)
  A shining eye (D)
  8 black mambas (D)
  A guardian serpent (D)
  7 statues (D)
  2 elephants (D)
  A molten gargoyle (D)
  A smoke demon (D)
  2 spiny frogs (D)
  A rime drake (D)
  6 yaktaurs (D)
  2 guardian mummies (D)
  2 ice devils (D)
  A komodo dragon (D)
  3 wandering mushrooms (D)
  A queen bee (D)
  4 spriggan defenders (D)
  2 tyrant leeches (D)
  3 hornets (D)
  3 snapping turtles (D)
  8 blink frogs (D)
  8 slime creatures (D)
  A shadow (D)
  5 redbacks (D)
  2 spriggans (D)
  A golden eye (D)
  A chaos spawn (D)
  2 iron troll simulacra (D)
  A spatial vortex (D)
  2 nagas (D)
  5 water moccasins (D)
  A floating eye (D)
  A swamp drake (D)
  2 orc warriors (D)
  A necrophage (D)
  5 two-headed ogres (D)
  A water elemental (D)
  32 killer bees (D)
  An electric eel (D)
  A quasit (D)
  A jelly (D)
  2 orc priests (D)
  A wizard (D)
  Jessica (D)
  2 orc wizards (D)
  5 necromancers (D)
  3 humans (D)
  A kobold demonologist (D)
  A wolf (D)
  6 adders (D)
  A white imp (D)
  2 oozes (D)
  An adder zombie (D)
  2 ball lightnings (D)
  12 orcs (D)
  A giant cockroach zombie (D)
  A leopard gecko zombie (D)
  A rat (D)
  A ballistomycete (D)
  4 butterflies (D)
  5 plants (D)
  2 tentacles (D)
315 creatures vanquished.

Vanquished Creatures (collateral kills)
  A storm dragon (D)
  A draconian stormcaller (D)
  A vampire knight (D)
  A statue (D)
  3 electric eels (D)
  2 plants (D)
9 creatures vanquished.

Vanquished Creatures (others)
  An Ice Fiend (D)
  A deep elf blademaster (D)
  Chuck (D)
  A frost giant (D)
  A draconian knight (D)
  2 draconian scorchers (D)
  A deep elf annihilator (D)
  3 vault guards (D)
  A deep elf high priest (D)
  An alligator snapping turtle (D)
  A centaur warrior (D)
  2 skeletal warriors (D)
  An anaconda zombie (D)
  A glowing orange brain (D)
  A statue (D)
  A stone giant skeleton (D)
  6 hellions (D)
  5 yaktaurs (D)
  An anaconda simulacrum (D)
  An orc high priest (D)
  2 slime creatures (D)
  A snapping turtle (D)
  3 ball lightnings (D)
  2 ballistomycetes (D)
  3 ballistomycete spores (D)
  A bush (D)
  A butterfly (D)
  40 plants (D)
  3 tentacles (D)
89 creatures vanquished.

Grand Total: 413 creatures vanquished

Notes
Turn   | Place    | Note
-------+----------+-------------------------------------------
     0 | D        | TheOrbIsALie the Merfolk Berserker began the quest for the Orb.
     0 | D        | Reached XP level 1. HP: 18/18 MP: 1/1
    12 | D        | Reached skill level 5 in Polearms
    17 | D        | Reached XP level 2. HP: 16/26 MP: 2/2
    76 | D        | Killed a yaktaur
    97 | D        | Killed a hellion
   110 | D        | Killed a hellion
   142 | D        | Noticed Jessica
   147 | D        | Killed a hellion
   148 | D        | Killed a hellion
   149 | D        | Killed a hellion
   152 | D        | Killed Jessica
   152 | D        | Reached ** piety under Trog
   152 | D        | Reached skill level 5 in Fighting
   152 | D        | Reached XP level 3. HP: 18/33 MP: 3/3
   248 | D        | Killed a hellion
   271 | D        | Killed a white draconian scorcher
   284 | D        | Killed a white draconian scorcher
   310 | D        | Reached skill level 1 in Stealth
   315 | D        | Reached *** piety under Trog
   315 | D        | Reached XP level 4. HP: 40/40 MP: 4/4
   345 | D        | Gained mutation: Your muscles are strong. (Str +2) [potion of mutation]
   345 | D        | Lost mutation: Your muscles are strong. (Str +2) [potion of mutation]
   345 | D        | Gained mutation: You are resistant to hostile enchantments. (MR+) [potion of mutation]
   345 | D        | Gained mutation: Your muscles are strong. (Str +2) [potion of mutation]
   371 | D        | Noticed a water elemental
   375 | D        | Killed a water elemental
   375 | D        | Received a gift from Trog
   375 | D        | Reached skill level 10 in Polearms
   375 | D        | Reached XP level 5. HP: 48/48 MP: 5/5
   449 | D        | Found a radiant altar of Vehumet.
   450 | D        | Found a deep blue altar of Sif Muna.
   450 | D        | Found an ancient bone altar of Kikubaaqudgha.
   456 | D        | Reached skill level 5 in Dodging
   508 | D        | Found a hide-covered altar of Uskayaw.
   508 | D        | Found a roughly hewn altar of Beogh.
   508 | D        | Found an iron altar of Okawaru.
   508 | D        | Found a bloodstained altar of Trog.
   508 | D        | Found an ornate altar of the Wu Jian Council.
   508 | D        | Noticed a human
   508 | D        | Noticed a human
   514 | D        | Killed a human
   514 | D        | Reached **** piety under Trog
   514 | D        | Reached XP level 6. HP: 58/58 MP: 6/6
   523 | D        | Killed a human
   523 | D        | Reached skill level 10 in Fighting
   523 | D        | Reached XP level 7. HP: 66/66 MP: 7/7
   576 | D        | Found a glowing silver altar of Zin.
   576 | D        | Found a glowing golden altar of the Shining One.
   576 | D        | Found a white marble altar of Elyvilon.
   576 | D        | Noticed a deep elf mage
   596 | D        | Killed a deep elf mage
   596 | D        | Reached skill level 15 in Polearms
   724 | D        | Found a basalt altar of Yredelemnul.
   724 | D        | Found a shadowy altar of Dithmenos.
   724 | D        | Found a sacrificial altar of Ru.
   728 | D        | Reached XP level 8. HP: 75/75 MP: 8/8
   728 | D        | Reached ***** piety under Trog
   812 | D        | Noticed a shadow
   815 | D        | Killed a shadow
   826 | D        | Found a blossoming altar of Fedhas.
   826 | D        | Found a stormy altar of Qazlal.
   826 | D        | Found a snail-covered altar of Cheibriados.
   826 | D        | Found a burning altar of Makhleb.
   826 | D        | Found a shimmering altar of Xom.
   827 | D        | Found a hazy altar of Hepliaklqana.
   827 | D        | Found an opulent altar of Gozag.
   827 | D        | Found a sparkling altar of Nemelex Xobeh.
   827 | D        | Found a corrupted altar of Lugonu.
   827 | D        | Found a viscous altar of Jiyva.
  1009 | D        | Noticed a two-headed ogre
  1020 | D        | Killed a two-headed ogre
  1020 | D        | Reached XP level 9. HP: 61/84 MP: 9/9
  1191 | D        | Noticed a two-headed ogre
  1191 | D        | Noticed Erolcha
  1199 | D        | Killed a two-headed ogre
  1211 | D        | Killed Erolcha
  1211 | D        | Reached ****** piety under Trog
  1211 | D        | Received a gift from Trog
  1211 | D        | Reached skill level 10 in Dodging
  1211 | D        | Reached skill level 5 in Stealth
  1410 | D        | Killed a yaktaur
  1440 | D        | Noticed a wandering mushroom
  1445 | D        | Noticed a wandering mushroom
  1471 | D        | Killed a wandering mushroom
  1472 | D        | Noticed a wandering mushroom
  1490 | D        | Killed a wandering mushroom
  1490 | D        | Reached XP level 10. HP: 94/94 MP: 10/10
  1521 | D        | Noticed a spiny frog
  1521 | D        | Noticed a spiny frog
  1528 | D        | Killed a spiny frog
  1531 | D        | Killed a spiny frog
  1531 | D        | Received a gift from Trog
  1539 | D        | Got a faintly glowing shortbow {god gift}
  1658 | D        | Reached skill level 15 in Fighting
  1842 | D        | Received a gift from Trog
  1954 | D        | Noticed a lindwurm
  1961 | D        | Killed a lindwurm
  1961 | D        | Reached XP level 11. HP: 70/104 MP: 3/11
  2098 | D        | Noticed Urug
  2107 | D        | Killed Urug
  2107 | D        | Received a gift from Trog
  2211 | D        | Noticed a four-headed hydra
  2211 | D        | Noticed a five-headed hydra
  2219 | D        | Killed a two-headed hydra
  2222 | D        | Killed a two-headed hydra
  2222 | D        | Reached skill level 10 in Stealth
  2270 | D        | Noticed a death drake
  2274 | D        | Killed a death drake
  2670 | D        | Noticed an anaconda
  2670 | D        | Noticed an anaconda
  2731 | D        | Killed an anaconda
  2731 | D        | Received a gift from Trog
  2732 | D        | Noticed an anaconda
  2746 | D        | Killed an anaconda
  2982 | D        | Killed an anaconda
  3038 | D        | Received a gift from Trog
  3038 | D        | Reached XP level 12. HP: 92/116 MP: 12/12
  3236 | D        | Noticed an anaconda
  3246 | D        | Killed an anaconda
  3246 | D        | Received a gift from Trog
  3367 | D        | Noticed an anaconda
  3377 | D        | Killed an anaconda
  3533 | D        | Noticed a naga warrior
  3534 | D        | Noticed a nagaraja
  3570 | D        | Reached skill level 15 in Dodging
  3584 | D        | Killed a nagaraja
  3651 | D        | Found Plog's Antique Armour Shop.
  3651 | D        | Found Zuhef's Jewellery Shoppe.
  3653 | D        | Found Geisch's Magic Scroll Boutique.
  3667 | D        | Killed a naga warrior
  3667 | D        | Received a gift from Trog
  3716 | D        | Got a serpentine rune of Zot
  3865 | D        | Found a blossoming altar of Fedhas.
  3964 | D        | Noticed an orc high priest
  3970 | D        | Received a gift from Trog
  3978 | D        | Killed an orc high priest
  3986 | D        | Received a gift from Trog
  3995 | D        | Found Lecwouz's Armour Emporium.
  3999 | D        | Received a gift from Trog
  4159 | D        | Noticed a deep elf knight
  4169 | D        | Killed a deep elf knight
  4172 | D        | Received a gift from Trog
  4188 | D        | Noticed a deep elf annihilator
  4282 | D        | Noticed a dire elephant
  4282 | D        | Noticed a dire elephant
  4282 | D        | Noticed Gastronok
  4284 | D        | Reached XP level 13. HP: 127/127 MP: 13/13
  4296 | D        | Killed a dire elephant
  4330 | D        | Killed Gastronok
  4330 | D        | Reached skill level 15 in Stealth
  4631 | D        | Noticed an azure jelly
  4632 | D        | Noticed an azure jelly
  4632 | D        | Noticed an azure jelly
  4634 | D        | Noticed an azure jelly
  4636 | D        | Noticed Rupert
  4646 | D        | Killed a dire elephant
  4646 | D        | Received a gift from Trog
  4657 | D        | Killed Rupert
  4845 | D        | Bought a faintly humming helmet for 171 gold pieces
  4845 | D        | Bought a pair of gloves for 81 gold pieces
  4855 | D        | Identified the cursed +0 helmet "Rodiliata" {+Inv} (You bought it in a shop in the Dungeon)
  4984 | D        | Received a gift from Trog
  4986 | D        | Got an encrusted bardiche {god gift}
  4987 | D        | Identified the +8 bardiche "Newtbane" {distort, *Drain +Inv rN+++ MR++} (Trog gifted it to you in the Dungeon)
  5069 | D        | Noticed a kraken
  5082 | D        | Killed a kraken
  5304 | D        | Noticed Harold
  5304 | D        | Noticed Joseph
  5310 | D        | Killed Harold
  5315 | D        | Killed Joseph
  5393 | D        | Received a gift from Trog
  5722 | D        | Found Riusat's Book Emporium.
  5722 | D        | Found Gokif's Magic Scroll Shop.
  5722 | D        | Found Riri's Magic Scroll Boutique.
  5722 | D        | Found Minotzur's Distillery.
  5722 | D        | Found Ofutaso's Weapon Boutique.
  5722 | D        | Found Afapen's Antique Armour Emporium.
  5722 | D        | Found Abaufob's Assorted Antiques.
  5722 | D        | Found Cykheam's Antique Weapon Shop.
  5722 | D        | Found Saob's Food Shop.
  5722 | D        | Found Baecleoq's Jewellery Emporium.
  5722 | D        | Found Ucono's Armour Emporium.
  5722 | D        | Found Jeujibag's Gadget Boutique.
  5737 | D        | Bought distressingly furry pearl dragon scales for 1966 gold pieces
  5747 | D        | Identified the cursed +1 pearl dragon scales of Freedom {rN+ Dex+3} (You bought it in a shop in the Dungeon)
  5784 | D        | Received a gift from Trog
  5784 | D        | Reached XP level 14. HP: 139/139 MP: 14/14
  5797 | D        | Got a fine glaive {god gift}
  5945 | D        | Received a gift from Trog
  5989 | D        | Received a gift from Trog
  6014 | D        | Reached skill level 27 in Polearms
  6023 | D        | Received a gift from Trog
  6052 | D        | Received a gift from Trog
  6141 | D        | Noticed a deep elf annihilator
  6150 | D        | Noticed a deep elf demonologist
  6151 | D        | Noticed a deep elf annihilator
  6155 | D        | Noticed a deep elf master archer
  6163 | D        | Killed a deep elf demonologist
  6168 | D        | Killed a deep elf annihilator
  6168 | D        | Reached skill level 5 in Armour
  6175 | D        | Killed a deep elf master archer
  6181 | D        | Killed a deep elf annihilator
  6181 | D        | Received a gift from Trog
  6241 | D        | Banished a deep elf annihilator
  6244 | D        | Got a flickering golden ring
  6254 | D        | Found the +4 Vampire's Tooth {vamp}
  6256 | D        | Identified the Almanac of Intoxication and Confrontation
  6259 | D        | Got a smoking silver ring
  6264 | D        | Identified the ring "Effi" {Dex+4 Stlth+} (You took it off a deep elf high priest in the Dungeon)
  6265 | D        | Identified the ring "Esharr" {rElec rF+ SInv} (You found it in the Dungeon)
  6377 | D        | Found Ros Nahe's Antique Armour Boutique.
  6377 | D        | Found Plog's Magic Scroll Shoppe.
  6377 | D        | Found Hudema's Jewellery Shop.
  6445 | D        | Got a barnacled rune of Zot
  6798 | D        | Received a gift from Trog
  6888 | D        | Received a gift from Trog
  7340 | D        | Received a gift from Trog
  7348 | D        | Noticed Chuck
  7485 | D        | Noticed Frederick
  7499 | D        | Banished Frederick
  7606 | D        | Noticed a lich
  7614 | D        | Killed a lich
  7614 | D        | Received a gift from Trog
  7614 | D        | Reached XP level 15. HP: 151/151 MP: 15/15
  7694 | D        | Noticed a shadow dragon
  7697 | D        | Noticed a shadow dragon
  7702 | D        | Killed a shadow dragon
  7809 | D        | Received a gift from Trog
  7909 | D        | Received a gift from Trog
  7919 | D        | Noticed a bone dragon
  7922 | D        | Killed a bone dragon
  7922 | D        | Received a gift from Trog
  7932 | D        | Noticed a bone dragon
  7935 | D        | Killed a bone dragon
  8069 | D        | Noticed Boris
  8074 | D        | Banished Boris
  8074 | D        | Reached skill level 27 in Stealth
  8089 | D        | Noticed Mennas
  8097 | D        | Received a gift from Trog
  8124 | D        | Killed Mennas
  8338 | D        | Received a gift from Trog
  8428 | D        | Reached skill level 27 in Fighting
  8570 | D        | Noticed Mara
  8685 | D        | Noticed Nikola
  8685 | D        | Noticed a storm dragon
  8685 | D        | Received a gift from Trog
  8688 | D        | Killed a storm dragon
  8695 | D        | Reached XP level 16. HP: 139/167 MP: 16/16
  8831 | D        | Killed a deep elf blademaster
  8883 | D        | Found Wirroagh's Food Emporium.
  8883 | D        | Found Santiyxo's Food Shop.
  8883 | D        | Found Qyish's Food Shop.
  8883 | D        | Found Mupp's Armour Shoppe.
  8888 | D        | Received a gift from Trog
  8888 | D        | Reached skill level 10 in Armour
  8891 | D        | Noticed Roxanne
  8900 | D        | Killed Roxanne
  8906 | D        | Found Zeosmeziv's Armour Boutique.
  8991 | D        | Killed Chuck
  9075 | D        | Received a gift from Trog
  9399 | D        | Noticed an Executioner
  9401 | D        | Killed an Executioner
  9414 | D        | Noticed Nessos
  9422 | D        | Killed Nessos
  9533 | D        | Received a gift from Trog
  9594 | D        | Gained mutation: Your body sometimes deteriorates upon taking damage. [a shining eye]
  9722 | D        | Received a gift from Trog
  9797 | D        | Noticed a titan
  9808 | D        | Noticed a titan
  9814 | D        | Killed a titan
  9830 | D        | Noticed a golden dragon
  9831 | D        | Killed a titan
  9831 | D        | Received a gift from Trog
  9837 | D        | Noticed a golden dragon
  9837 | D        | Noticed a golden dragon
  9862 | D        | Reached skill level 15 in Armour
  9953 | D        | Received a gift from Trog
  9982 | D        | Noticed a golden dragon
  9996 | D        | Killed a golden dragon
 10022 | D        | Killed a golden dragon
 10052 | D        | Killed Nikola
 10052 | D        | Received a gift from Trog
 10305 | D        | Got a silver rune of Zot
 10319 | D        | Got a shimmering tin ring
 10448 | D        | Received a gift from Trog
 10448 | D        | Reached XP level 17. HP: 174/174 MP: 17/17
 10492 | D        | Noticed Geryon
 10509 | D        | Reached skill level 27 in Dodging
 10578 | D        | Received a gift from Trog
 10705 | D        | Killed Geryon
 10987 | D        | Noticed a Killer Klown
 10999 | D        | Killed a Killer Klown
 11015 | D        | Noticed an Orb Guardian
 11016 | D        | Noticed an Orb Guardian
 11024 | D        | Killed an Orb Guardian
 11027 | D        | Killed an Orb Guardian
 11032 | D        | Received a gift from Trog
 11361 | D        | Noticed an ancient lich
 11536 | D        | Noticed Tiamat
 11661 | D        | Noticed an orb of fire
 11665 | D        | Gained mutation: You are frail. (-10% HP) [an orb of fire]
 11667 | D        | Gained mutation: Your body often deteriorates upon taking damage. [an orb of fire]
 11676 | D        | Gained mutation: Scrolls take you a little longer to read. [a zot statue]
 11708 | D        | Gained mutation: Your magical capacity is low. (-10% MP) [mutagenic glow]
 11717 | D        | Noticed an Orb Guardian
 11718 | D        | Noticed an Orb Guardian
 11721 | D        | Noticed an Orb Guardian
 11724 | D        | Noticed an Orb Guardian
 11724 | D        | Noticed an Orb Guardian
 11726 | D        | Received a gift from Trog
 11740 | D        | Lost mutation: Your muscles are strong. (Str +2) [mutagenic glow]
 11789 | D        | Gained mutation: You are weak. (Str -2) [mutagenic glow]
 11848 | D        | Gained mutation: You are very frail. (-20% HP) [mutagenic glow]
 11870 | D        | Gained mutation: You are clumsy. (Dex -2) [mutagenic glow]
 11892 | D        | Gained mutation: Scrolls take you longer to read. [mutagenic glow]
 12194 | D        | Got the Orb of Zot
 12215 | D        | Gained mutation: Your magical capacity is very low. (-20% MP) [mutagenic glow]
 12229 | D        | Banished an ancient lich
 12239 | D        | Noticed Cianecott the pandemonium lord
 12239 | D        | Lost mutation: Your body often deteriorates upon taking damage. [mutagenic glow]
 12243 | D        | Banished Cianecott the pandemonium lord
 12263 | D        | Paralysed by a Zot trap for 4 turns
 12274 | D        | Gained mutation: You are very clumsy. (Dex -4) [mutagenic glow]
 12309 | D        | Lost mutation: You are very frail. (-20% HP) [mutagenic glow]
 12315 | D        | Noticed an Ice Fiend
 12320 | D        | Banished an Ice Fiend
 12350 | D        | Gained mutation: You are very frail. (-20% HP) [mutagenic glow]
 12363 | D        | Received a gift from Trog
 12363 | D        | HP: 4/208 [fire giant/fireball (11)]
 12364 | D        | HP: 1/208 [poison (dark miasma)]
 12365 | D        | Succumbed to poison (dark miasma)

Vault maps used:
D:        dungeon_sprint_mu

Skill      XL: |  1  2  3  4  5  6  7  8  9 10 11 12 13 14 15 16 17 |
---------------+----------------------------------------------------+-----
Fighting       | 4 5 6 7 9 10 11 12 14 15 18 19 21 24 27 | 27.0
Polearms       | 5 7 8 10 12 13 15 17 19 21 22 24 26 27 | 27.0
Dodging        | 3 4 5 6 7 8 10 12 14 17 19 21 22 25 27 | 27.0
Armour         | 2 3 4 7 9 17 22 | 22.4
Stealth        | 1 2 3 4 6 8 12 14 16 23 27 | 27.0

Action                   |  1- 3 |  4- 6 |  7- 9 | 10-12 | 13-15 | 16-18 || total
-------------------------+-------+-------+-------+-------+-------+-------++-------
Melee: Spear             |    41 |    22 |   131 |    76 |       |       ||   270
       Tailslap          |     2 |       |       |    15 |    11 |    13 ||    41
       Long sword        |       |       |    10 |       |       |       ||    10
       Glaive            |       |       |       |   199 |    64 |       ||   263
       Bardiche          |       |       |       |       |   379 |   352 ||   731
Throw: Javelin           |       |       |       |     1 |     4 |     7 ||    12
Invok: Berserk           |     1 |     3 |     4 |    10 |     9 |     5 ||    32
       Trog's Hand       |       |       |       |       |     1 |       ||     1
       Brothers in Arms  |       |       |       |       |     3 |     5 ||     8
Evoke: Wand              |       |       |       |       |       |     1 ||     1
  Use: Potion            |       |     1 |     1 |     1 |       |     4 ||     7
 Stab: Sleeping          |     1 |       |     1 |    13 |    35 |    10 ||    60
       Distracted        |       |       |       |     5 |    15 |    12 ||    32
  Eat: Chunk             |       |     2 |     7 |    12 |     9 |     3 ||    33
       Ration            |       |       |       |     2 |     5 |     4 ||    11
Armor: Animal skin       |     3 |       |     2 |     3 |     2 |       ||    10
       Pearl dragon scal |       |       |       |       |    34 |    37 ||    71
Dodge: Dodged            |    16 |     5 |    41 |   126 |   234 |   168 ||   590
       Rpst.: Long sword |       |       |     6 |       |       |       ||     6

Table legend:
 A = Spawn XP
 B = Non-spawn XP
 C = Spawn XP percentage of total XP
 D = Spawn monster count
 E = Non-spawn monster count
 F = Spawn count percentage of total count
 G = Total turns spent on level
                    A         B        C        D         E        F      G
               +---------+---------+-------+---------+---------+-------+---------
         Total |       0 |  225791 |   0.0 |       0 |     326 |   0.0 | 12365
               +---------+---------+-------+---------+---------+-------+---------
             D |       0 |  225791 |   0.0 |       0 |     326 |   0.0 | 12365
               +---------+---------+-------+---------+---------+-------+---------
